 Dungeon Crawl Stone Soup version 0.32-a0-876-gcfddb08e57 (webtiles) character file.

Game seed: 13084801814647914656

60858 Sekkong the Severer (level 14, -4/137 HPs)
             Began as a Minotaur Fighter on Mar 31, 2024.
             Was the Champion of Okawaru.
             Shot with an arrow by a centaur warrior (20 damage)
             ... on level 15 of the Dungeon on Apr 1, 2024.
             The game lasted 01:16:11 (17833 turns).

Sekkong the Severer (Minotaur Fighter)             Turns: 17833, Time: 01:16:12

Health: -4/137     AC: 23    Str: 34    XL:     14   Next: 58%
Magic:  13/13      EV:  8    Int:  5    God:    Okawaru [******]
Gold:   1122       SH: 17    Dex: 10    Spells: 13/13 levels left

rFire   . . .        Q - +6 broad axe "Oggop" {freeze, rN++}
rCold   . . .        N - +0 tower shield
rNeg    + + +        H - +6 scale mail of Cocytus {rN+ Dex+3}
rPois   .            (helmet restricted)
rElec   .            C - +1 cloak {rCorr}
rCorr   +            e - +1 pair of gloves of the Moon {Fly rF- Will+++}
SInv    +            f - +2 pair of boots {Stlth+}
Will    ++++.        a - amulet of Gomolumag {+Inv Regen+}
Stlth   +            B - ring of protection from fire
HPRegen 1.22/turn    y - ring "Yliaseju" {Wiz Str+9 Dex-4 SInv}
MPRegen 0.13/turn

%: wizardry (x1)
@: flying
A: horns 2, retaliatory headbutt
a: Renounce Religion, Evoke Invisibility, Heroism, Finesse, Duel


You were on level 15 of the Dungeon.
You worshipped Okawaru.
Okawaru was exalted by your worship.
You visited 3 branches of the dungeon, and saw 19 of its levels.
You visited 1 bazaar.
You also visited: Ossuary, Bailey and Gauntlet.

You collected 1584 gold pieces.
You spent 462 gold pieces at shops.

Inventory:

Hand Weapons
 b - a +4 mace of holy wrath
 Q - the +6 broad axe "Oggop" (weapon) {freeze, rN++}
   (Okawaru gifted it to you on level 13 of the Dungeon)

   rN++:      It greatly protects you from negative energy.
Missiles
 i - 23 javelins (quivered)
 k - 10 boomerangs
 x - 2 throwing nets
 T - 4 silver javelins
Armour
 e - the +1 pair of gloves of the Moon (worn) {Fly rF- Will+++}
   (You acquired it on level 8 of the Dungeon)

   rF-:       It makes you vulnerable to fire.
   Will+++:   It greatly increases your willpower.
   Fly:       It grants you flight.
 f - a +2 pair of boots of stealth (worn)
 n - a +0 hat
 C - a +1 cloak of preservation (worn)
 H - the +6 scale mail of Cocytus (worn) {rN+ Dex+3}
   (Okawaru gifted it to you on level 13 of the Dungeon)

   Dex+3:     It affects your dexterity (+3).
   rN+:       It protects you from negative energy.
 N - a +0 tower shield (worn)
Jewellery
 a - the amulet of Gomolumag (around neck) {+Inv Regen+}
   (You bought it in a shop in a bazaar)

   [amulet of regeneration]

   +Inv:      It lets you turn invisible.
   Regen+:    It increases your rate of health regeneration.
 r - the ring of Lin Koin {Wiz rN+ Int+3 Dex+3}
   (You found it in a Gauntlet)

   [ring of wizardry]

   Wiz:       It improves your spell success rate.
   Int+3:     It affects your intelligence (+3).
   Dex+3:     It affects your dexterity (+3).
   rN+:       It protects you from negative energy.
 y - the ring "Yliaseju" (right hand) {Wiz Str+9 Dex-4 SInv}
   (You acquired it on level 6 of the Dungeon)

   [ring of wizardry]

   Wiz:       It improves your spell success rate.
   Str+9:     It affects your strength (+9).
   Dex-4:     It affects your dexterity (-4).
   SInv:      It lets you see invisible.
 B - a ring of protection from fire (left hand)
 D - a ring of positive energy
 P - a ring of protection from cold
Wands
 c - a wand of warping (13)
 m - a wand of quicksilver (3)
 p - a wand of polymorph (7)
 G - a wand of flame (42)
Scrolls
 h - 2 scrolls of fear
 j - a scroll of revelation
 l - a scroll of blinking
 o - 2 scrolls of vulnerability
 v - 4 scrolls of immolation
 w - a scroll of noise
 E - 5 scrolls of fog
 F - 4 scrolls of teleportation
 O - a scroll of poison
Potions
 d - 3 potions of might
 g - 4 potions of haste
 q - 2 potions of lignification
 s - 3 potions of enlightenment
 t - 3 potions of curing
 u - 8 potions of heal wounds
 z - 3 potions of resistance
 A - a potion of magic {unknown}
 I - a potion of ambrosia
 L - 3 potions of berserk rage
 M - a potion of attraction
 R - 2 potions of mutation {unknown}


   Skills:
 + Level 16.2 Fighting
 - Level 18.0 Axes
 + Level 7.4 Throwing
 - Level 10.0 Armour
 + Level 14.2 Shields
 - Level 5.0 Evocations


You had 13 spell levels left.
You didn't know any spells.
Your spell library contained the following spells:

 Spells                   Type           Power      Damage    Failure   Level
 Sandblast                Erth           0%         2d4       56%         1
 Ensorcelled Hibernation  Hex/Ice        0%         N/A       69%         2
 Jinxbite                 Hex            0%         N/A       69%         2
 Lesser Beckoning         Tloc           0%         N/A       69%         2
 Fugue of the Fallen      Necr           0%         N/A       89%         3
 Inner Flame              Hex/Fire       0%         N/A       89%         3
 Passwall                 Erth           0%         N/A       89%         3
 Stone Arrow              Conj/Erth      0%         3d7       89%         3
 Teleport Other           Tloc           0%         N/A       89%         3
 Volatile Blastmotes      Fire/Tloc      0%         2d10      89%         3
 Anguish                  Hex/Necr       0%         N/A       99%         4
 Brom's Barrelling Bould  Conj/Erth      0%         2d3       99%         4
 Cause Fear               Hex            0%         N/A       99%         4
 Maxwell's Portable Pile  Tloc           0%         2d(5-10)  99%         4
 Vhi's Electric Charge    Tloc/Air       0%         N/A       99%         4
 Arcjolt                  Conj/Air       0%         1d10      100%        5
 Fireball                 Conj/Fire      0%         3d3       100%        5
 Irradiate                Conj/Alch      0%         3d11      100%        5
 Yara's Violent Unravell  Hex/Alch       0%         3d3       100%        5
 Bombard                  Conj/Erth      0%         9d1       100%        6
 Dispersal                Tloc           0%         N/A       100%        6
 Gell's Gavotte           Tloc           0%         2d(11-16) 100%        6
 Enfeeble                 Hex            0%         N/A       100%        7
 Manifold Assault         Tloc           0%         N/A       100%        7
 Disjunction              Tloc           0%         N/A       100%        8
 Ignition                 Fire           0%         3d3       100%        8
 Maxwell's Capacitive Co  Air            0%         ∞         100%        8
 Dragon's Call            Summ           Unusable   N/A       N/A         9

Dungeon Overview and Level Annotations

Branches:
Dungeon (15/15)            Temple (1/1) D:7            Lair (3/5) D:10
  Swamp (0/4) Lair:3       Spider (0/4) Lair:3          Orc (0/2) D:12
 Vaults (0/5) D:14        Ossuary (visited)          Bailey (visited)
Gauntlet (visited)
 Depths: D:15

Altars:
Ashenzari
Cheibriados
Dithmenos
Elyvilon
Fedhas
Gozag
Hepliaklqana
Kikubaaqudgha
Makhleb
Nemelex Xobeh
Okawaru
Qazlal
Ru
Sif Muna
Trog
Uskayaw
Vehumet
Wu Jian
Xom
Yredelemnul
Zin
The Shining One

Shops:
D:2 ?   D:4 *   D:5 =   D:12 ([

Annotations:
Lair:3 1 runed translucent door


Innate Abilities, Weirdness & Mutations

You have a pair of horns on your head.
You reflexively headbutt those who attack you in melee.


Message History

You block the eight-headed hydra's attack. x4
The eight-headed hydra bites you.
* * * LOW HITPOINT WARNING * * *
The eight-headed hydra bites you but does no damage. x3
You hit the eight-headed hydra. You headbutt the eight-headed hydra!
You kill the eight-headed hydra!
Okawaru accepts your kill.
The centaur warrior hits you but does no damage.
The centaur warrior kicks you but does no damage.
You block the centaur warrior's attack. x2
Unknown command.
You hit the centaur warrior.
The centaur warrior is severely wounded.
Your surroundings suddenly seem different.
A centaur warrior and a boulder beetle come into view.
The centaur warrior shouts!
The centaur warrior wields a +0 orcbow.
The centaur warrior shoots an arrow.
The arrow barely misses you.
You hit the boulder beetle. You headbutt the boulder beetle!
The boulder beetle is moderately wounded.
The centaur warrior shoots an arrow.
You block the arrow.
The centaur warrior shoots an arrow.
You block the arrow.
Your +4 mace of holy wrath stops glowing.
The +6 broad axe "Oggop" {freeze, rN++} glows with a cold blue light!
Q - the +6 broad axe "Oggop" (weapon)
{freeze, rN++} The boulder beetle bites you but does no damage.
You hit the boulder beetle but do no damage.
The boulder beetle is moderately wounded.
The centaur warrior shoots an arrow.
The arrow barely misses you. You block the boulder beetle's attack.
The centaur warrior shoots an arrow.
You block the arrow.
You hit the boulder beetle. You freeze the boulder beetle.
The boulder beetle is moderately wounded.
The centaur warrior shoots an arrow.
The arrow hits you but does no damage. The boulder beetle bites you.
* * * LOW HITPOINT WARNING * * *
You slice the boulder beetle!! You freeze the boulder beetle!
The boulder beetle is severely wounded.
The centaur warrior shoots an arrow.
The arrow hits you!!
You die...

......
....###
....# ....
.... ###.
###########
..........#
.......@..#
c......B..#
..........#
..........#
..........#
..........#
..........#
..........#


You could see a boulder beetle and a centaur warrior.

Vanquished Creatures
  Nessos (D:13)
  A minotaur (Gauntlet)
  2 hydras
  An ogre mage (D:14)
  A catoblepas (D:14)
  4 centaur warriors
  7 two-headed ogres
  2 boulder beetles
  The ghost of inkslinger the Skirmisher, a novice DrEE of Fedhas (D:10)
  A death knight (D:14)
  3 tengu warriors
  A skyshark (Lair:3)
  9 skeletal warriors
  2 orc knights
  An orc sorcerer (D:15)
  2 cyclopes
  4 manticores
  6 black mambas
  Joseph (D:9)
  An apocalypse crab (Gauntlet)
  An ice statue (Gauntlet)
  Jeremiah (D:7)
  2 gargoyles
  14 cane toads
  An unseen horror (D:13)
  4 rime drakes
  3 centaur skeletons (D:14)
  2 tengu conjurers
  8 kobold demonologists
  3 komodo dragons (Lair:1)
  3 trolls
  2 hornets
  Prince Ribbit (D:7)
  A harpy skeleton (D:14)
  A raiju (Gauntlet)
  6 blink frogs
  A dream sheep (Lair:3)
  A shadow (D:12)
  8 slime creatures
  A water elemental (D:12)
  2 wraiths
  2 vampires
  3 culicivoras (Lair:3)
  3 basilisks
  37 yaks
  A human (Lair:3)
  4 steam dragons
  A warg (D:10)
  10 vampire mosquitoes
  A naga (shapeshifter) (D:14)
  9 water moccasins
  15 orc warriors
  2 sky beasts (D:7)
  2 laughing skulls (D:15)
  A boggart (D:14)
  2 black bears
  An ice beast (D:6)
  5 ogres
  14 centaurs
  32 wolves
  12 kobold brigands
  A phantom (D:5)
  A gnoll sergeant (D:11)
  8 bullfrogs
  2 scorpions
  A burial acolyte (Ossuary)
  3 wights (D:6)
  9 killer bees
  8 electric eels
  A gnoll bouda (D:5)
  4 human zombies (Ossuary)
  9 orc priests
  2 bombardier beetles
  2 hounds
  Crazy Yiuf (D:2)
  4 jellies
  2 iguanas
  A sleepcap (D:7)
  10 orc wizards
  A crocodile zombie (Ossuary)
  A hound zombie (Ossuary)
  3 mummies (Ossuary)
  26 gnolls
  4 adders
  2 shadow imps
  A white imp (D:7)
  An ufetubus (D:8)
  5 adder zombies (Ossuary)
  4 dart slugs
  42 orcs
  7 ball pythons
  6 endoplasms
  A giant cockroach (D:1)
  A gnoll zombie (Ossuary)
  12 goblins
  7 hobgoblins
  6 jackals
  A quokka (D:4)
  A ball python zombie (Ossuary)
  5 bats
  3 frilled lizards
  6 jackal zombies (Ossuary)
  14 kobolds
  5 kobold zombies (Ossuary)
  3 orc zombies (Ossuary)
  5 rats
516 creatures vanquished.

Vanquished Creatures (others)
  4 spectral weapons
4 creatures vanquished.

Grand Total: 520 creatures vanquished

Notes
Turn   | Place    | Note
-------+----------+-------------------------------------------
     0 | D:1      | Sekkong the Minotaur Fighter began the quest for the Orb.
     0 | D:1      | Reached XP level 1. HP: 19/19 MP: 0/0
   153 | D:1      | Reached XP level 2. HP: 27/27 MP: 1/1
   242 | D:1      | Identified a scroll of acquirement
   243 | D:1      | Acquired a +2 pair of boots of stealth
   268 | D:1      | Reached skill level 3 in Axes
   309 | D:1      | You fall into a shaft and drop 1 floor!
   364 | D:2      | Reached XP level 3. HP: 33/33 MP: 2/2
   963 | D:1      | Reached XP level 4. HP: 41/41 MP: 3/3
  1215 | D:2      | Found a bloodstained altar of Trog.
  1318 | D:2      | Found a runed translucent door.
  1319 | D:2      | Noticed Crazy Yiuf
  1328 | D:2      | Killed Crazy Yiuf
  1538 | D:2      | Reached skill level 5 in Fighting
  1538 | D:2      | Reached skill level 4 in Axes
  1541 | D:2      | Reached XP level 5. HP: 26/48 MP: 4/4
  1708 | D:2      | Found Noumetiq's Magic Scroll Boutique.
  1716 | D:2      | Bought a scroll of identify for 22 gold pieces
  1846 | D:3      | Found an ancient bone altar of Kikubaaqudgha.
  1850 | D:3      | Reached skill level 5 in Shields
  2537 | D:4      | Found Syxonal's Fire Supplies.
  2601 | D:4      | Found a shimmering blue altar of Sif Muna.
  2611 | D:4      | Reached XP level 6. HP: 32/56 MP: 5/5
  2731 | D:4      | Reached skill level 5 in Axes
  2806 | D:4      | Found a sand-covered staircase.
  2837 | Ossuary  | Entered an ossuary
  3014 | Ossuary  | Reached XP level 7. HP: 63/63 MP: 6/6
  3403 | D:4      | Found a shimmering altar of Xom.
  3501 | D:4      | Found a sparkling altar of Nemelex Xobeh.
  3751 | D:5      | Entered Level 5 of the Dungeon
  3878 | D:5      | Reached skill level 6 in Axes
  4029 | D:5      | Found Siky's Jewellery Boutique.
  4425 | D:6      | Acquired the ring "Yliaseju" {Wiz Str+9 Dex-4 SInv}
  4436 | D:6      | Found a bloodstained altar of Trog.
  4436 | D:6      | Found a snail-covered altar of Cheibriados.
  4470 | D:6      | Reached XP level 8. HP: 73/73 MP: 7/7
  4627 | D:6      | Reached skill level 7 in Axes
  5072 | D:6      | Found a shadowy altar of Dithmenos.
  5079 | D:6      | Reached skill level 8 in Axes
  5434 | D:7      | Found a staircase to the Ecumenical Temple.
  5443 | Temple   | Entered the Ecumenical Temple
  5443 | Temple   | Noticed a red devil
  5443 | Temple   | Noticed a Tzitzimitl
  5444 | Temple   | Noticed Hiyneo the pandemonium lord
  5444 | Temple   | Noticed Umeklauso the pandemonium lord
  5446 | Temple   | Noticed an Executioner
  5479 | Temple   | Noticed Nerozxu the pandemonium lord
  5480 | Temple   | Noticed Ilocolos the pandemonium lord
  5480 | Temple   | Noticed a rust devil
  5480 | Temple   | Noticed a smoke demon
  5505 | Temple   | Noticed Imoro the pandemonium lord
  5548 | Temple   | Noticed Teiskuiq the pandemonium lord
  5549 | Temple   | Noticed an orange demon
  5613 | D:7      | Upgraded the game from 0.32-a0-872-g59262bdc9b to
                  | 0.32-a0-876-gcfddb08e57
  5812 | D:7      | Noticed Jeremiah
  5857 | D:7      | Killed Jeremiah
  5858 | D:7      | Reached XP level 9. HP: 34/80 MP: 8/8
  6524 | D:7      | Found an opulent altar of Gozag.
  6525 | D:7      | Found a hide-covered altar of Uskayaw.
  6556 | D:7      | Noticed Prince Ribbit
  6563 | D:7      | Reached skill level 9 in Axes
  6571 | D:7      | Killed Prince Ribbit
  6899 | D:8      | Reached skill level 10 in Fighting
  6903 | D:8      | Reached skill level 10 in Shields
  6970 | D:8      | Paralysed by a hornet for 2 turns
  6976 | D:8      | Reached skill level 10 in Axes
  7015 | D:8      | Found a flagged portal.
  7024 | Bailey   | Entered a bailey
  7067 | Bailey   | Noticed an orc knight
  7082 | Bailey   | Killed an orc knight
  7083 | Bailey   | Reached skill level 11 in Axes
  7223 | Bailey   | Reached XP level 10. HP: 75/93 MP: 9/9
  7401 | Bailey   | Identified the +1 chain mail of Plasticity {^Drain rElec
                  | rPois SInv}
  7468 | Bailey   | Found an iron altar of Okawaru.
  7475 | Bailey   | Noticed a smoke demon
  7478 | Bailey   | Reached skill level 5 in Armour
  7481 | Bailey   | Reached skill level 12 in Axes
  7777 | D:8      | Acquired the +1 pair of gloves of the Moon {Fly rF-
                  | Will+++}
  8748 | D:9      | Reached skill level 13 in Axes
  8755 | D:9      | Reached XP level 11. HP: 60/99 MP: 10/10
  8821 | D:9      | Noticed Joseph
  8840 | D:9      | Killed Joseph
  8884 | D:9      | Found an iron altar of Okawaru.
  8892 | D:9      | Became a worshipper of Warmaster Okawaru
  9102 | D:10     | Entered Level 10 of the Dungeon
  9121 | D:10     | Reached skill level 14 in Axes
  9261 | D:10     | Found a runed translucent gate.
  9261 | D:10     | Found a runed translucent gate.
  9261 | D:10     | Found a runed translucent gate.
  9261 | D:10     | Noticed inkslinger's ghost (novice DrEE)
  9336 | D:10     | Noticed a harpy
  9367 | D:10     | Reached * piety under Okawaru
  9372 | D:10     | Found a staircase to the Lair.
  9425 | D:10     | Reached skill level 10 in Armour
  9467 | Lair:1   | Entered Level 1 of the Lair of Beasts
  9504 | Lair:1   | Reached skill level 15 in Axes
  9509 | Lair:1   | Reached ** piety under Okawaru
  9609 | Lair:1   | Reached skill level 16 in Axes
  9744 | Lair:1   | Reached *** piety under Okawaru
 10147 | Lair:1   | Reached skill level 17 in Axes
 10239 | Lair:1   | Reached XP level 12. HP: 106/106 MP: 11/11
 10439 | Lair:2   | Reached **** piety under Okawaru
 10564 | Lair:2   | Reached skill level 18 in Axes
 10583 | Lair:2   | Reached skill level 1 in Throwing
 10600 | Lair:2   | Reached ***** piety under Okawaru
 11267 | Lair:2   | Received a gift from Okawaru
 11407 | Lair:3   | Reached skill level 1 in Evocations
 11554 | Lair:3   | Found a hole to the Spider Nest.
 11791 | Lair:3   | Reached skill level 5 in Throwing
 11999 | Lair:3   | Found a runed translucent door.
 12036 | Lair:3   | Noticed a reaper
 12075 | Lair:3   | Found a staircase to the Swamp.
 12160 | Lair:3   | Received a gift from Okawaru
 12753 | D:10     | Reached XP level 13. HP: 118/119 MP: 12/12
 12764 | D:10     | Killed inkslinger's ghost
 12876 | D:11     | Found a flickering gateway to a bazaar.
 12884 | Bazaar   | Entered a bazaar
 12890 | Bazaar   | Found Muaxaq's Jewellery Shop.
 12930 | Bazaar   | Found Celyxt's Antique Armour Shop.
 12959 | Bazaar   | Bought the amulet of Gomolumag {+Inv Regen+} for 440 gold
                  | pieces
 13295 | D:11     | Reached skill level 5 in Evocations
 13601 | D:12     | Received a gift from Okawaru
 13630 | D:12     | Found a staircase to the Orcish Mines.
 13638 | D:12     | Found Tadaor's Armour Shoppe.
 13639 | D:12     | Found Ameim's Weapon Shoppe.
 13677 | D:12     | Found a gate leading to a gauntlet.
 13687 | Gauntlet | Entered a Gauntlet
 13687 | Gauntlet | Found a transporter.
 13696 | Gauntlet | Found a transporter.
 13698 | Gauntlet | Found a transporter.
 13712 | Gauntlet | Found a transporter.
 13716 | Gauntlet | Found a transporter.
 13726 | Gauntlet | Found a transporter.
 13746 | Gauntlet | Found a runed translucent door.
 13750 | Gauntlet | Found a transporter.
 13759 | Gauntlet | Found a transporter.
 13777 | Gauntlet | Found a transporter.
 13777 | Gauntlet | Noticed a balrug
 13788 | Gauntlet | Found a transporter.
 13800 | Gauntlet | Found a transporter.
 13803 | Gauntlet | Found a transporter.
 13831 | Gauntlet | Found a transporter.
 13848 | Gauntlet | Found a transporter.
 14377 | Gauntlet | Identified the ring of Lin Koin {Wiz rN+ Int+3 Dex+3}
 14430 | Gauntlet | Noticed a minotaur
 14437 | Gauntlet | Killed a minotaur
 14443 | Gauntlet | Identified the +1 short sword of the Three Emperors {heavy,
                  | rC+ Int+6 Dex+3}
 14556 | D:12     | Received a gift from Okawaru
 15327 | D:13     | Noticed Nessos
 16011 | D:13     | Reached ****** piety under Okawaru
 16023 | D:13     | Acquired the +6 broad axe "Oggop" {freeze, rN++}
 16023 | D:13     | Received a gift from Okawaru
 16030 | D:13     | Acquired the +6 scale mail of Cocytus {rN+ Dex+3}
 16030 | D:13     | Received a gift from Okawaru
 16123 | D:13     | Killed Nessos
 16123 | D:13     | Received a gift from Okawaru
 16124 | D:13     | Reached skill level 15 in Fighting
 16549 | D:14     | Reached XP level 14. HP: 91/135 MP: 13/13
 17308 | D:14     | Found the +3 hat of Pondering {ponderous, Will+ MP+10
                  | Int+5}
 17324 | D:14     | Found a gate to the Vaults.
 17357 | D:14     | Received a gift from Okawaru
 17538 | D:15     | Entered Level 15 of the Dungeon
 17821 | D:15     | HP: 1/137 [eight-headed hydra (12)]
 17833 | D:15     | Shot with an arrow by a centaur warrior

Illustrated notes

Levels and vault maps discovered:
D:1:      kilobyte_arrival_exit_the_forest, layout_rooms
D:2:      layout_basic, serial_shops, shop, basic_altar, uniq_crazy_yiuf_cottage
D:3:      layout_rooms, mainiacjoe_overflow_catwalk
D:4:      layout_loops_corners, mainiacjoe_overflow_brackets, marbit_many_paths,
          general_overflow_altar, nicolae_ossuary_entry_false_entrances,
          nicolae_shop_fire_sale [nicolae_sub_dead_trees]
D:5:      wander_river, layout_rooms, serial_shops, nicolae_shop_real_fake_doors
D:6:      layout_basic, grunt_dithmenos_shadows, gammafunk_temple_overflow_pools
D:7:      layout_loops_corners, lemuel_crystal_altar,
          mainiacjoe_overflow_boulevard, minmay_temple_entry_mini_moons,
          uniq_jeremiah, uniq_prince_ribbit1
D:8:      layout_basic, serial_demonic, serial_demonic_d, serial_demonic_g,
          serial_demonic_g, serial_demonic_c, enter_bailey_2
D:9:      layout_big_octagon, okawaru_metal_pillars_1_2, uniq_joseph
D:10:     layout_cave_pools, erik_lair_orcish_takeover,
          gammafunk_ghost_nasty_kobolds, lightli_corner_chamber
D:11:     layout_irregular_city, serial_shops, bzr_entry_safe
D:12:     layout_basic, orc_david_3, gauntlet_entry_generic
D:13:     layout_cave_pools, uniq_nessos
D:14:     layout_long_grid, hangedman_vaults_entry_quadrant_bands,
          palyth_stone_intersect
D:15:     gammafunk_enter_depths_forms, layout_long_grid, serial_park_paths
          [serial_park_minivault_5x5_3]
Temple:   nicolae_temple_panitentiary
Lair:1:   layout_regular_city, lemuel_fruit_fields, grunt_megastairs_5,
          serial_bayou_shore_b
Lair:2:   layout_chaotic_city, grunt_megastairs_1, serial_bayou_shore_b
Lair:3:   layout_misc_corridors, swamp_mist,
          hellmonk_spider_entry_life_and_decay, pdpol_lair_cabin_in_the_woods

Skill      XL: |  1  2  3  4  5  6  7  8  9 10 11 12 13 14 |
---------------+-------------------------------------------+-----
Shields        | 4 5 6 7 9 10 12 14 | 14.2
Fighting       | 4 5 6 7 9 10 12 15 16 | 16.2
Axes           | 3 4 5 6 8 11 13 17 18 | 18.0
Armour         | 8 10 | 10.0
Throwing       | 5 7 |  7.4
Evocations     | 3 5 |  5.0

Action                     |  1- 3 |  4- 6 |  7- 9 | 10-12 | 13-15 || total
---------------------------+-------+-------+-------+-------+-------++-------
  Melee: War axe           |    40 |   117 |   207 |   393 |       ||   757
         Headbutt          |     7 |    16 |    30 |    64 |    95 ||   212
         Broad axe         |       |       |       |     4 |   398 ||   402
         Mace              |       |       |       |       |    26 ||    26
  Throw: Javelin           |       |       |       |       |     4 ||     4
 Invoke: Receive Weapon    |       |       |       |       |     1 ||     1
         Receive Armour    |       |       |       |       |     1 ||     1
    Use: Scroll            |     2 |     8 |    13 |     8 |     6 ||    37
         Potion            |       |       |     3 |     2 |     6 ||    11
   Stab: Distracted        |       |       |     1 |     2 |       ||     3
         Confused          |       |       |       |       |     2 ||     2
         Held in net/web   |       |       |       |       |     1 ||     1
         Petrifying        |       |       |       |       |     1 ||     1
         Paralysed         |       |       |       |       |     1 ||     1
 Armour: Scale mail        |    43 |    94 |   177 |   276 |   480 ||  1070
  Dodge: Dodged            |    22 |    49 |    67 |   121 |   133 ||   392
  Block: Buckler           |     9 |    35 |    54 |    12 |       ||   110
         Tower shield      |       |       |       |   274 |   497 ||   771

Table legend: (Time is in decaauts)
 A = Elapsed time spent in this place.
 B = Non-inter-level travel time spent in this place.
 C = Inter-level travel time spent in this place.
 D = Time resting spent in this place.
 E = Time spent auto-exploring this place.
 F = Levels seen in this place.
 G = Mean time per level.
                   A        B        C        D        E       F      G
               +--------+--------+--------+--------+--------+-----+--------+
         Total |  17881 |  17222 |    659 |   1558 |   7684 |  23 |  777.4 |
       Dungeon |  12693 |  12161 |    532 |   1110 |   6177 |  15 |  846.2 |
        Temple |    168 |    168 |      0 |      0 |      0 |   1 |  168.0 |
          Lair |   2975 |   2848 |    127 |     67 |   1154 |   3 |  991.7 |
        Bazaar |    104 |    104 |      0 |      0 |      0 |   1 |  104.0 |
       Ossuary |    306 |    306 |      0 |      0 |     48 |   1 |  306.0 |
        Bailey |    761 |    761 |      0 |    124 |    120 |   1 |  761.0 |
      Gauntlet |    871 |    871 |      0 |    257 |    184 |   1 |  871.0 |
               +--------+--------+--------+--------+--------+-----+--------+

Top non-repeatable levels by time:
     D:6: 1181 daAuts
     D:2: 1139 daAuts
    D:14: 1122 daAuts
     D:7: 1120 daAuts
     D:4: 1119 daAuts
    D:12: 1067 daAuts
  Lair:1: 1006 daAuts
  Lair:3: 997 daAuts
  Lair:2: 970 daAuts
    D:13: 900 daAuts
     D:8: 881 daAuts
Gauntlet: 871 daAuts
  Bailey: 761 daAuts
     D:1: 740 daAuts
    D:10: 691 daAuts
